 Dungeon Crawl Stone Soup version 0.28-a0-850-g09de17f5b5 (webtiles) character file.

Game seed: 9817192115559202647

41 avis the Slasher (level 3, -2/32 HPs)
             Began as a Naga Warper on Nov 14, 2021.
             Slain by a scorpion (4 damage)
             ... on level 2 of the Dungeon.
             The game lasted 00:08:24 (2676 turns).

avis the Slasher (Naga Warper)                      Turns: 2676, Time: 00:08:26

Health: -2/32      AC:  2    Str: 14    XL:     3   Next: 52%
Magic:  6/6        EV:  9    Int: 13    God:
Gold:   28         SH:  0    Dex: 10    Spells: 4/6 levels left

rFire   . . .      SeeInvis +   a - +0 falchion
rCold   . . .      Faith    .   (no shield)
rNeg    . . .      Spirit   .   b - +0 leather armour
rPois   +          Reflect  .   (no helmet)
rElec   .          Harm     .   (no cloak)
rCorr   .          Rampage  .   (no gloves)
Will    .....                   (no barding)
Stlth   +.........              (no amulet)
HPRegen 0.10/turn               (no ring)
MPRegen 0.10/turn               (no ring)

@: lethally poisoned (-2 -> -7), short of breath, very slow
A: AC +1, large, see invisible, deformed body, poison resistance, slowness 2,
spit poison 1, naga tail 1
a: Spit Poison


You were on level 2 of the Dungeon.
You visited 1 branch of the dungeon, and saw 2 of its levels.

You collected 28 gold pieces.

Inventory:

Hand Weapons
 a - a +0 falchion (weapon)
Missiles
 d - 5 boomerangs of dispersal (quivered)
 e - 25 arrows
 h - 18 bolts
 j - 29 stones
Armour
 b - a +0 leather armour (worn)
Scrolls
 c - a scroll of blinking
 g - a scroll of holy word {unknown}
 k - 2 scrolls of identify {unknown}
 l - a scroll of amnesia {unknown}
Potions
 f - a potion of heal wounds {unknown}
 i - a potion of magic {unknown}


   Skills:
 - Level 2.0 Fighting
 * Level 3.8 Long Blades
 - Level 0.8 Throwing
 - Level 0.7 Armour
 - Level 1.5 Dodging
 - Level 2.0 Spellcasting
 - Level 3.0 Translocations


You had 4 spell levels left.
You knew the following spells:

 Your Spells              Type           Power      Damage    Failure   Level
b - Blink                 Tloc           18%        N/A       14%         2

Your spell library contained the following spells:

 Spells                   Type           Power      Damage    Failure   Level
 Gell's Gravitas          Tloc           9%         N/A       28%         3
 Lesser Beckoning         Tloc           9%         N/A       28%         3
 Teleport Other           Tloc           9%         N/A       28%         3
 Manifold Assault         Tloc           9%         N/A       95%         5
 Dispersal                Tloc           4%         N/A       100%        6


Dungeon Overview and Level Annotations

Branches:
Dungeon (2/15)

Altars:

Shops:
D:1 :


Innate Abilities, Weirdness & Mutations

Your serpentine skin is tough. (AC +1)
You have supernaturally acute eyesight. (SInv)
Armour fits poorly on your strangely shaped body.
Your system is resistant to poisons. (rPois)
You cover ground very slowly.
You can spit poison.
You have a snake-like lower body.


Message History

You start waiting.
A scorpion is nearby!
The scorpion stings you but does no damage.
Press: ? - help, Shift-Dir - straight line, f - scorpion
Aim: a scorpion The splash of poison misses the scorpion.
The scorpion misses you.
You completely miss the scorpion. The scorpion barely misses you.
You hit the scorpion.
The scorpion is lightly wounded.
You have got your breath back.
The scorpion misses you. The scorpion stings you.
You hit the scorpion.
The scorpion is moderately wounded.
The scorpion stings you.
Press: ? - help, Shift-Dir - straight line, f/p - scorpion
Aim: a scorpion (moderately wounded)
The splash of poison hits the scorpion but does no damage.
The scorpion is poisoned.
The scorpion is moderately wounded.
The scorpion stings you!
You are poisoned.
The scorpion poisons you!
You hit the scorpion.
The scorpion is heavily wounded.
You feel very sick. The scorpion stings you.
* * * LOW HITPOINT WARNING * * *
The scorpion closely misses you.
You closely miss the scorpion.
The scorpion is heavily wounded.
* * * LOW HITPOINT WARNING * * *
You feel sick. The scorpion closely misses you.
You completely miss the scorpion.
The scorpion is heavily wounded.
* * * LOW HITPOINT WARNING * * *
You feel sick.
The scorpion stings you but does no damage.
The scorpion stings you.
You die...

#### ...## .# ##..###
.. . ###...# .# # .. #
###.## ##. ##.#... ###
#..####..###..#...#
..####......##.##....#
# #.....#####.#...#.!.#
.#
..###....##..###@...#
#.### #.#
####.#..#..s#..........
#.#
#....##.##.#.#...###
#.#
###...#.#...........
#†# ##...#....<...# ...
...###...##..# ...
#..s#....# .... ...
...#.#.... ..#. ..
..##.##.. ...


You could see a scorpion (poisoned).

Vanquished Creatures
  A worm (D:2)
  3 ball pythons
  8 endoplasms
  3 giant cockroaches (D:1)
  6 hobgoblins
  2 kobolds (D:1)
  A quokka (D:1)
  2 bats (D:1)
  2 frilled lizards (D:1)
  5 rats
33 creatures vanquished.

Notes
Turn   | Place    | Note
-------+----------+-------------------------------------------
     0 | D:1      | avis the Naga Warper began the quest for the Orb.
     0 | D:1      | Reached XP level 1. HP: 19/19 MP: 3/3
   407 | D:1      | Reached XP level 2. HP: 24/26 MP: 5/5
   698 | D:1      | Found Qegg's Book Shop.
  1525 | D:1      | Reached XP level 3. HP: 32/32 MP: 6/6
  2030 | D:1      | Learned a level 2 spell: Blink
  2199 | D:2      | Noticed a scorpion
  2676 | D:2      | Slain by a scorpion

Illustrated notes

Levels and vault maps discovered:
D:1:      enne_arrival_octagon_isle, layout_basic, serial_shops, shop
D:2:      layout_rooms, dilly_ecumenical_altar_fadedgnrine, minmay_ruptured

Skill      XL: |  1  2 |
---------------+-------+-----
Long Blades    | 3 |  3.8
Fighting       | |  2.0
Throwing       | |  0.8
Armour         | |  0.7
Dodging        | |  1.5
Spellcasting   | |  2.0
Translocations | |  3.0

Action                   || total
-------------------------++-------
Melee: Falchion          ||    89
 Abil: Spit Poison       ||    26
Armor: Leather armour    ||    16
Dodge: Dodged            ||    42

Table legend: (Time is in decaauts)
 A = Elapsed time spent in this place.
 B = Non-inter-level travel time spent in this place.
 C = Inter-level travel time spent in this place.
 D = Time resting spent in this place.
 E = Time spent auto-exploring this place.
 F = Levels seen in this place.
 G = Mean time per level.
                   A        B        C        D        E       F      G
               +--------+--------+--------+--------+--------+-----+--------+
         Total |   3136 |   3011 |    125 |   1334 |   1336 |   2 | 1568.0 |
       Dungeon |   3136 |   3011 |    125 |   1334 |   1336 |   2 | 1568.0 |
               +--------+--------+--------+--------+--------+-----+--------+

Top non-repeatable levels by time:
     D:1: 2629 daAuts
     D:2: 507 daAuts
